 Dungeon Crawl Stone Soup version 0.17-a0-1481-gfdcec5c (webtiles) character file.

1080 rnawigator the Chiller (level 8, -1/52 HPs)
             Began as a Merfolk Ice Elementalist on July 4, 2015.
             Was an Initiate of Vehumet.
             Slain by Blork the orc
             ... wielding a +2 trident of piercing
              (11 damage)
             ... on level 6 of the Dungeon.
             The game lasted 00:24:07 (5138 turns).

rnawigator the Chiller (Merfolk Ice Elementalist)   Turns: 5138, Time: 00:24:07

Health: -1/52      AC:  3    Str:  8    XL:     8   Next: 29%
Magic:  6/16       EV: 15    Int: 16    God:    Vehumet [......]
Gold:   276        SH:  6    Dex: 15    Spells: 5 memorised, 4 levels left

rFire  . . .     SeeInvis .     o - +2 scythe (venom)
rCold  . . .     Clarity  .     a - +1 robe
rNeg   . . .     SustAt   .     (no shield)
rPois  .         Gourm    .     (no helmet)
rElec  .         Spirit   .     (no cloak)
rCorr  .         Warding  .     (no gloves)
rMut   .         Stasis   .     (no boots)
MR     .....                    (no amulet)
Stlth  +++.......               (no ring)
                                (no ring)

@: icy shield, not resistant to hostile enchantments, fairly stealthy
A: change form in water, swift swim
a: Renounce Religion


You were on level 6 of the Dungeon.
You worshipped Vehumet.
Vehumet was noncommittal.
You were not hungry.

You visited 2 branches of the dungeon, and saw 7 of its levels.

You collected 276 gold pieces.

Inventory:

Hand weapons
 k - a +1 trident of protection
 o - a +2 scythe of venom (weapon)
Missiles
 s - 7 silver javelins (quivered)
Armour
 a - a +1 robe (worn)
 t - the cursed +1 robe "Qeivemuh" {+Inv Regen+ rCorr Str-4, unknown}
   (You found it on level 5 of the Dungeon)

   It affects your strength (-4).
   It lets you turn invisible.
   It increases your rate of regeneration.
   It protects you from acid and corrosion.
   It has a curse placed upon it.
Scrolls
 l - 2 scrolls of fog
 m - 3 scrolls of teleportation
Potions
 e - a potion of cancellation {unknown}
 h - 2 potions of degeneration {unknown}
 i - 8 potions of curing
 n - 2 potions of lignification {unknown}
 p - a potion of brilliance {unknown}
Books
 b - a book of Frost

   Spells                             Type                      Level
   a - Freeze                         Ice                          1
   b - Throw Frost                    Conjuration/Ice              2
   c - Ozocubu's Armour               Charms/Ice                   3
   d - Throw Icicle                   Conjuration/Ice              4
   e - Summon Ice Beast               Ice/Summoning                4
   f - Condensation Shield            Ice                          4
 q - a book of the Sky

   Spells                             Type                      Level
   a - Summon Lightning Spire         Summoning/Air                4
   b - Airstrike                      Air                          4
   c - Silence                        Hexes/Air                    5
   d - Deflect Missiles               Charms/Air                   6
   e - Conjure Ball Lightning         Conjuration/Air              6
   f - Tornado                        Air                          9
Comestibles
 c - 5 bread rations
 d - 2 fruits
 f - 9 chunks of flesh
 g - a royal jelly
 j - 3 meat rations
 r - a slice of pizza


   Skills:
 + Level 5.6 Dodging
 + Level 4.5 Stealth
 * Level 5.5 Spellcasting
 - Level 0.7 Conjurations
 * Level 6.9 Ice Magic


You had 4 spell levels left.
You knew the following spells:

 Your Spells              Type           Power        Failure   Level  Hunger
a - Freeze                Ice            ####         1%          1    None
b - Throw Frost           Conj/Ice       ###...       6%          2    #......
c - Ozocubu's Armour      Chrm/Ice       ###.....     12%         3    ###....
d - Condensation Shield   Ice            ####......   12%         4    ####...
e - Throw Icicle          Conj/Ice       ###.....     34%         4    ####...


Dungeon Overview and Level Annotations

Branches:
Dungeon (6/15)             Temple (1/1) D:5

Altars:
Cheibriados
Kikubaaqudgha
Nemelex Xobeh
Okawaru
Qazlal
Sif Muna
Vehumet
Yredelemnul
Zin

Annotations:
D:6 Blork the orc, Dowan, Duvessa


Message History

Blork the orc hits you with a trident of piercing!
* * * LOW HITPOINT WARNING * * *
x2
Casting: Freeze
Confirm with . or Enter, or press ? or * to list all spells.
Aiming: Freeze
Press: ? - help, Shift-Dir - straight line, f/p - Blork the orc
Aim: Blork the orc, wielding a trident of piercing and wearing an embroidered robe (severely wounded)
You freeze Blork the orc.
Blork the orc is almost dead.
Blork the orc hits you with a trident of piercing.
* * * LOW HITPOINT WARNING * * *
x2
Casting: Freeze
Confirm with . or Enter, or press ? or * to list all spells.
Aiming: Freeze
Press: ? - help, Shift-Dir - straight line, f/p - Blork the orc
Aim: Blork the orc, wielding a trident of piercing and wearing an embroidered robe (almost dead)
You freeze Blork the orc.
Blork the orc is almost dead.
Blork the orc hits you with a trident of piercing!
You die...

..# ..# ### ###..
..... #...
......#..
......#.#########
................#
.....#..........#
####.#...o@[<...#
#...#...)[[..#
#.............(#
..#...<...[....#
. #..#.........#
#.##....(....# #.
##........# #
#...###### #..##


You could see Blork the orc.

Vanquished Creatures
  Sigmund (D:2)
  An ogre (D:5)
  A sky beast (D:5)
  A vampire bat (D:4)
  A crimson imp (D:5)
  A jelly (D:5)
  A hound (D:4)
  A giant frog zombie (D:5)
  An orc priest (D:6)
  5 orc wizards
  5 worker ants
  Terence (D:2)
  Natasha (twice) (D:2)
  A hound skeleton (D:4)
  A worker ant zombie (D:5)
  6 adders
  4 gnolls (D:3)
  3 worms
  3 giant geckos
  17 orcs
  A ball python (D:1)
  A bat skeleton (D:4)
  5 bat zombies (D:4)
  7 giant cockroaches
  6 hobgoblins
  10 bats
  9 giant newts
  9 goblins
  9 kobolds
  A quokka (D:2)
  A quokka zombie (D:5)
  6 rats
122 creatures vanquished.

Notes
Turn   | Place    | Note
--------------------------------------------------------------
     0 | D:1      | rnawigator the Merfolk Ice Elementalist began the quest for the Orb.
     0 | D:1      | Reached XP level 1. HP: 13/13 MP: 3/3
   253 | D:1      | Reached XP level 2. HP: 19/19 MP: 3/5
   263 | D:1      | Learned a level 2 spell: Throw Frost
   434 | D:1      | Found an iron altar of Okawaru.
  1005 | D:2      | Reached XP level 3. HP: 24/24 MP: 0/6
  1016 | D:2      | Learned a level 3 spell: Ozocubu's Armour
  1076 | D:2      | Noticed Sigmund
  1161 | D:2      | Noticed Terence
  1173 | D:2      | Killed Terence
  1173 | D:2      | Reached skill level 4 in Ice Magic
  1475 | D:2      | Reached XP level 4. HP: 30/30 MP: 6/8
  1631 | D:2      | Noticed Natasha
  1632 | D:2      | Found a sparkling altar of Nemelex Xobeh.
  1646 | D:2      | Killed Natasha
  1694 | D:2      | Noticed Natasha
  2031 | D:3      | Reached XP level 5. HP: 35/35 MP: 4/9
  2098 | D:3      | Found a snail-covered altar of Cheibriados.
  2266 | D:3      | Found a basalt altar of Yredelemnul.
  2326 | D:3      | Reached skill level 5 in Ice Magic
  2329 | D:3      | Reached XP level 6. HP: 31/41 MP: 6/11
  2780 | D:2      | Killed Sigmund
  3099 | D:2      | Killed Natasha
  3170 | D:4      | Reached XP level 7. HP: 40/46 MP: 11/13
  3319 | D:4      | Found a deep blue altar of Sif Muna.
  3422 | D:4      | Learned a level 4 spell: Condensation Shield
  3427 | D:4      | Learned a level 4 spell: Throw Icicle
  3466 | D:4      | Found an ancient bone altar of Kikubaaqudgha.
  3473 | D:4      | Reached skill level 5 in Dodging
  3699 | D:4      | Found a stormy altar of Qazlal.
  3711 | D:4      | Reached skill level 6 in Ice Magic
  3808 | D:5      | Entered Level 5 of the Dungeon
  3853 | D:5      | Found an iron altar of Okawaru.
  3854 | D:5      | Found a glowing silver altar of Zin.
  3855 | D:5      | Found a radiant altar of Vehumet.
  3860 | D:5      | Became a worshipper of Vehumet
  4265 | D:5      | Reached skill level 5 in Spellcasting
  4313 | D:5      | Found a staircase to the Ecumenical Temple.
  4320 | Temple   | Entered the Ecumenical Temple
  4414 | D:5      | Reached XP level 8. HP: 46/52 MP: 15/15
  4770 | D:5      | Got a heavily jewelled robe
  4880 | D:6      | Noticed Duvessa
  4880 | D:6      | Noticed Dowan
  4949 | D:6      | Noticed Blork the orc
  5138 | D:6      | Slain by Blork the orc

Vault maps used:
D:1:      mrwooster_arrival_statue, okawaru_ov_weapons_minmay
D:2:      lemuel_round_altar, minmay_newt_pond, uniq_sigmund, uniq_terence,
          uniq_natasha
D:3:      lemuel_round_altar, nicolae_overflow_crystal_walls
D:4:      nicolae_qazlal_eye_of_the_storm, lemuel_doored_altar,
          kennysheep_vampire_church
D:5:      gammafunk_temple_overflow_claw, temple_green, first_bread
D:6:      tso_metal_star, uniq_duvessa, uniq_blork_the_orc, uniq_pikel
Temple:   nicolae_temple_great_sept

Action                   |  1- 3 |  4- 6 |  7- 9 || total
-------------------------+-------+-------+-------++-------
Melee: Spear             |    21 |       |       ||    21
       Unarmed           |     2 |       |       ||     2
       Trident           |     1 |    18 |       ||    19
       Scythe            |       |     5 |   116 ||   121
 Cast: Freeze            |    36 |    66 |    58 ||   160
       Throw Frost       |     1 |     3 |     2 ||     6
       Ozocubu's Armour  |       |       |     4 ||     4
       Condensation Shie |       |       |     2 ||     2
  Use: Scroll            |     4 |     4 |     2 ||    10
 Stab: Sleeping          |     4 |     6 |    13 ||    23
       Distracted        |       |       |     1 ||     1
  Eat: Chunk             |     2 |     4 |     7 ||    13
       Beef jerky        |       |     1 |       ||     1
       Fruit             |       |       |     1 ||     1
